[Event "44th Chess Olympiad Open 2022"]
[Site "Chennai"]
[Date "2022.08.05"]
[Round "7.69"]
[White "Matoewi, Roger"]
[Black "seder mohamad"]
[Result "1/2-1/2"]
[WhiteElo "2015"]
[BlackElo "1950"]
[Annotator "NA"]
[PlyCount "87"]
[EventDate "2022.??.??"]
[TimeControl "60"]

1. Nf3 e6 2. g3 Nf6 3. Bg2 d5 4. c4 Be7 5. O-O O-O 6. d4 c5 7. cxd5 exd5 8. Nc3 Nc6 9. Bg5 Be6 10. dxc5 Bxc5 11. Bxf6 Qxf6 12. Nxd5 Qxb2 13. Nc7 Rad8 14. Qc1 Qxc1 15. Raxc1 Ba3 16. Nxe6 fxe6 17. Rb1 Rd7 18. Ng5 Re8 19. Rxb7 Rxb7 20. Bxc6 h6 21. Bxb7 hxg5 22. Rd1 Kf7 23. Kg2 Ke7 24. Ba6 Rb8 25. Bc4 Bc5 26. Bb3 a5 27. Rc1 Bd6 28. Rc6 Ra8 29. Rc4 Rb8 30. Re4 e5 31. Rc4 Rb4 32. Rc8 a4 33.
Bd5 Rb8 34. Rc6 Rb2 35. e4 g4 36. h3 gxh3+ 37. Kxh3 Rxf2 38.
Ra6 a3 39. Kg4 Rf6 40. Ra7+ Kf8 41. Ra8+ Ke7 42. Ra7+ Kf8 43. Ra8+ Ke7 44. Ra7+ 1/2-1/2

[Event "44th Chess Olympiad Open 2022"]
[Site "Chennai"]
[Date "2022.08.05"]
[Round "7.69"]
[White "Giasi, Viresh"]
[Black "Altell, Majed"]
[Result "1-0"]
[WhiteElo "2006"]
[BlackElo "1807"]
[Annotator "NA"]
[PlyCount "83"]
[EventDate "2022.??.??"]
[TimeControl "60"]

1. e4 c6 2. d3 d5 3. Be2 dxe4 4. dxe4 Qxd1+ 5. Bxd1 e5 6. Nf3 Bd6 7. Nbd2 f6 8. Nc4 Bc7 9. b3 b5 10. Ne3 Ne7 11. O-O Nd7 12. Ba3 a5 13.
c3 Bb6 14. Nh4 Bc5 15. Bxc5 Nxc5 16. Bc2 g5 17. Nhf5 Nxf5 18. exf5 Ke7 19. b4 Nb7 20. a4 Bd7 21. axb5 axb4 22. cxb4 cxb5 23. Nd5+ Kf7 24. Nb6 Rxa1 25. Rxa1 Bc6 26. Bb3+ Kg7 27. Rc1 Nd8 28. f3 Re8 29. Nc8 e4 30. Nd6 Re7 31. fxe4 Rd7 32. Ne8+ Kf8 33. Nxf6 Rd3 34. Bd5 Bxd5 35. Nxd5 Nf7 36. Rc8+ Kg7 37. f6+ Kh6 38. h3 Rd2 39. Ne7 Re2 40. Rg8 Ne5 41. Nf5+ Kh5 42. Ng3+ 1-0

[Event "44th Chess Olympiad Open 2022"]
[Site "Chennai"]
[Date "2022.08.05"]
[Round "7.69"]
[White "Miswadah, Baha"]
[Black "Kalidjo, Imaan"]
[Result "1-0"]
[WhiteElo "1985"]
[BlackElo "1819"]
[Annotator "NA"]
[PlyCount "81"]
[EventDate "2022.??.??"]
[TimeControl "60"]

1. d4 Nf6 2. Bf4 e6 3. e3 b6 4. Nf3 Bb7 5. Nbd2 d5 6. Bd3 Nbd7 7. c3 Ne4 8. Qe2 a6 9. Ne5 Nxe5 10. Bxe5 f6 11. Bg3 Qd7 12. a3 Bd6 13.
Bxd6 cxd6 14. f3 Nxd2 15. Qxd2 Bc6 16. Qe2 e5 17. Qc2 g6 18. O-O-O b5 19. e4 Qf7 20. exd5 Bxd5 21. Qe2 O-O 22. Be4 Bxe4 23. Qxe4 Qc4 24. Rhe1 Rad8 25. Qd3 Qxd3 26. Rxd3 Kf7 27. Kc2 Ke6 28. f4 h5 29. Rde3 f5 30. dxe5 d5 31. Rd3 Rd7 32. Rd4 h4 33. a4 Ra8 34. Ra1 Rda7 35. Rb4 bxa4 36. Rb6+ Kf7 37. Rd6 Rb7 38. Rxa4 Rab8 39. b4 Rb6 40. Rxd5 Ke6 41. Rda5 1-0

[Event "44th Chess Olympiad Open 2022"]
[Site "Chennai"]
[Date "2022.08.05"]
[Round "7.69"]
[White "Shawabke Ziyad"]
[Black "Gajadin, Dewperkash"]
[Result "0-1"]
[WhiteElo "1786"]
[BlackElo "1990"]
[Annotator "NA RC"]
[PlyCount "176"]
[EventDate "2022.??.??"]
[TimeControl "60"]

1. c4 c5 2. Nf3 Nf6 3. Nc3 b6 4. e3 g6 5. d4 cxd4 6. exd4 Bg7 7. Be2 O-O 8. O-O Bb7 9. d5 d6 10. h3 Nbd7 11. Be3 Rc8 12. Rc1 Nc5 13.
b3 Re8 14. Re1 a6 15. Bf4 Nfe4 16. Nxe4 Nxe4 17. Bf1 Nf6 18. Qd2 Nh5 19. Bh6 Bh8 20. Nd4 Qd7 21. g4 Ng7 22. Bg2 e5 23. dxe6 Nxe6 24. Bxb7 Nxd4 25. Bg2 Rxe1+ 26. Rxe1 Re8 27. Be3 Qc7 28. Rd1 Ne6 29. Qd5 Be5 30. Qb7 Qxb7 31. Bxb7 Nc5 32. Bg2 Rd8 33. f4 Bc3 34. Kf2 a5 35. Bd4 Bxd4+ 36.
Rxd4 Ne6 37. Re4 Kg7 38. f5 gxf5 39. gxf5 Nc5 40. Rd4 Kf6 41. Rd5 Ke7 42. h4 f6
43. Rd4 Rg8 44. Bf3 Nd7 45. Rg4 Rxg4 46. Bxg4 Ne5 47. Be2 Kd7 48. Ke3 Kc6 49. Kd4 Kd7 50. a3 Nc6+ 51. Ke4 Ne7 52. Bf3 d5+ 53. cxd5 Kd6 54. Kf4 Nxd5+ 55. Ke4 Kc5 56. Kd3 Ne7 57. Ke4 b5 58. Bd1 Nd5 59. Kd3 Nf4+ 60. Ke4 Nd5 61. Kd3 Ne7 62. Ke4 Nc6 63. Kf4 Ne5 64. Ke4 h6 65. Be2 Nc6 66. Bd1 b4 67. a4 Nd4 68. h5 Nc6 69. Be2 Ne5 70. Bf1 Nf7 71.
Bc4 Nd6+ 72. Kd3 Nxc4 73. bxc4 b3 74. Kc3 b2 75. Kxb2 Kxc4 76. Ka3 Kc3 77. Ka2 Kb4 78. Kb2 Kxa4 79. Kc3 Kb5 80. Kb3 Kc5 81. Ka4 Kd5 82. Kxa5 Ke5 83. Kb4 Kxf5 84. Kc4 Kg4 85. Kd4 f5 86. Ke3 Kg3 87. Ke2 f4 88. Kf1 Kf3 0-1

[Event "44th Chess Olympiad Open 2022"]
[Site "Chennai"]
[Date "2022.08.05"]
[Round "7.70"]
[White "Alhassadi, Yousef A."]
[Black "Cisse, Amadou Lamine"]
[Result "1-0"]
[WhiteElo "2068"]
[BlackElo "2005"]
[Annotator "NA RC"]
[PlyCount "31"]
[EventDate "2022.??.??"]
[TimeControl "60"]

1. e4 c5 2. c3 d5 3. exd5 Qxd5 4. Nf3 Nc6 5. Na3 Nf6 6. Bc4 Qe4+ 7. Be2 Bg4 8. d3 Qd5 9. Nc4 Bh5 10. Qb3 O-O-O 11. O-O h6 12. Bf4 g5 13. Bg3 Bg4 14. Qa4 Bd7 15. Qxa7 e5 16. Nb6+ 1-0

[Event "44th Chess Olympiad Open 2022"]
[Site "Chennai"]
[Date "2022.08.05"]
[Round "7.70"]
[White "Abugenda, Nagi"]
[Black "Wane, Al Hassane"]
[Result "1-0"]
[WhiteElo "1991"]
[BlackElo "1750"]
[Annotator "NA RC"]
[PlyCount "91"]
[EventDate "2022.??.??"]
[TimeControl "60"]

1. e4 Nc6 2. Nf3 e5 3. Bc4 Be7 4. d4 exd4 5. O-O Nf6 6. e5 Ne4 7. Re1 d5 8. Bb5 O-O 9. Bxc6 bxc6 10. Nxd4 Qe8 11. f3 Ng5 12. f4 Ne4 13.
Be3 c5 14. Nb3 c6 15. N1d2 Nxd2 16. Qxd2 d4 17. Bf2 Qd8 18. Rad1 Bg4 19. Rc1 Qd5 20. c3 Rfd8 21. cxd4 cxd4 22. Qxd4 Qb5 23. Qe4 Bb4 24. Re3 Rd1+ 25. Rxd1 Bxd1 26. Qd3 Bxb3 27. Qxb5 cxb5 28. Rxb3 Bd2 29. Rxb5 Bxf4 30. Bxa7 h6 31. Rb8+ Rxb8 32. Bxb8 f6 33. g3 Be3+ 34. Kg2 Bd4 35. b4 fxe5 36. a4 e4 37. a5 Kf7 38. a6 Ke6 39. a7 Bxa7 40.
Bxa7 Kd6 41. Kf2 g5 42. Ke3 Kd5 43. b5 h5 44. b6 h4 45. b7 hxg3 46. b8=Q 1-0

[Event "44th Chess Olympiad Open 2022"]
[Site "Chennai"]
[Date "2022.08.05"]
[Round "7.70"]
[White "Lesbros Bernard"]
[Black "Fates, Omer Salah"]
[Result "1-0"]
[WhiteElo "1865"]
[BlackElo "1940"]
[Annotator "NA RC"]
[PlyCount "43"]
[EventDate "2022.??.??"]
[TimeControl "60"]

1. Nf3 Nf6 2. c4 g6 3. g3 Bg7 4. Bg2 d6 5. d4 O-O 6. O-O c6 7. Nc3 Bd7 8. Re1 Qc7 9. e4 e5 10. b3 Re8 11. Bb2 Na6 12. Rc1 Bg4 13.
Qd2 Bxf3 14. Bxf3 exd4 15. Qxd4 Nxe4 16. Qxg7+ Kxg7 17. Nd5+ f6 18. Nxc7 Nxc7 19. Rxe4 Ne6 20. h4 Nc5 21. Rxe8 Rxe8 22. Rd1 1-0

[Event "44th Chess Olympiad Open 2022"]
[Site "Chennai"]
[Date "2022.08.05"]
[Round "7.70"]
[White "Badji, Sekou Aransbene"]
[Black "Naser Eldean, Ahmed"]
[Result "0-1"]
[WhiteElo "1732"]
[BlackElo "1941"]
[Annotator "NA"]
[PlyCount "80"]
[EventDate "2022.??.??"]
[TimeControl "60"]

1. d4 Nf6 2. c4 g6 3. Nf3 Bg7 4. Nc3 O-O 5. Bf4 d6 6. e3 Nbd7 7. Be2 a6 8. h3 Qe8 9. O-O e5 10. Bh2 b6 11. Rc1 Bb7 12. d5 e4 13.
Nd2 a5 14. a3 Qe7 15. Qc2 Rfe8 16. Bg3 h6 17. Nb5 Nc5 18. b4 Na6 19. Rb1 Bc8 20. Bh4 g5 21. Bg3 Bf5 22. Nd4 Bg6 23. Nc6 Qd7 24. bxa5 bxa5 25. Nxa5 Nc5 26. Nab3 Nd3 27. Bxd3 exd3 28. Qa2 Qa4 29. Nd4 Nh5 30. Rfe1 Nxg3 31. fxg3 Rxe3 32. Nb5 Rxe1+ 33. Rxe1 Qc2 34. Qxc2 dxc2 35. Nb3 Bb2 36. Nxc7 Rxa3 37. Nc1 Ra1 38. Nb5 Rxc1 39. Rxc1 Bxc1 40. Nxd6 Be3+ 0-1

[Event "44th Chess Olympiad Open 2022"]
[Site "Chennai"]
[Date "2022.08.05"]
[Round "7.71"]
[White "Mirulla, David"]
[Black "Neto, Roberto"]
[Result "1-0"]
[WhiteElo "1953"]
[BlackElo "1663"]
[Annotator "NA"]
[PlyCount "65"]
[EventDate "2022.??.??"]
[TimeControl "60"]

1. e4 c5 2. Nf3 Nc6 3. d4 cxd4 4. Nxd4 Nf6 5. Nc3 e5 6.
Ndb5 d6 7. a4 a6 8. Na3 Be6 9. Bc4 Bxc4 10. Nxc4 Nxe4 11. Nxe4 d5 12. Bg5 f6 13. Bxf6 gxf6 14. Qxd5 Qxd5 15. Nxf6+ Kf7 16. Nxd5 Bc5 17. c3 Raf8 18. Rf1 Rd8 19. O-O-O b5 20. axb5 axb5 21. Nce3 b4 22. Kc2 Rb8 23. Ra1 b3+ 24. Kd3 Rhe8 25. Ra6 e4+ 26. Kc4 Ne5+ 27. Kxc5 Rec8+ 28. Kd4 Nd3 29. Rf6+ Kg7 30. Ra1 Rf8 31. Ra7+ Kh8 32. Rh6 Nxb2 33. Rhxh7+ 1-0

[Event "44th Chess Olympiad Open 2022"]
[Site "Chennai"]
[Date "2022.08.05"]
[Round "7.73"]
[White "Fuad, Ahmed Mufleh"]
[Black "Gurner, Jem"]
[Result "0-1"]
[WhiteElo "2086"]
[BlackElo "1800"]
[Annotator "NA"]
[PlyCount "102"]
[EventDate "2022.??.??"]
[TimeControl "60"]

1. d4 g6 2. e4 Bg7 3. Be3 d6 4. Bd3 c5 5. c3 cxd4 6. Bxd4 Nf6 7. Nd2 O-O 8.
Ne2 Nc6 9. O-O e5 10. Be3 Ng4 11. a4 Be6 12. Re1 Nxe3 13. fxe3 Qb6 14. Nf1 Qxb2 15. Rb1 Qa3 16. Rxb7 Rab8 17. Rxb8 Rxb8 18. Qa1 Qxa1 19. Rxa1 Na5 20. Bb5 Bc4 21. Nc1 Bh6 22. Bxc4 Nxc4 23. Kf2 Rb2+ 24. Kf3 Rc2 25. Ne2 a5 26. Kf2 Kf8 27. Kf3 Ke7 28. Kf2 Ke6 29. Kf3 Bg5 30. g4 Bd8 31. Kf2 Bb6 32. Kf3 Bc5 33. Kf2 Rb2 34. Kf3 Rb3 35. Kf2 Ba3 36. Ke1 Bb2 37. Rb1 Bxc3+ 38. Nxc3 Rxc3 39. Rb8 Ra3 40. Rh8 Nxe3 41. Nxe3 Rxe3+ 42. Kf2 Rxe4 43. Kf3 Rf4+ 44. Kg3 Rxa4 45. Rxh7 Ra1 46. Rh8 a4 47. Ra8 a3 48. Kg2 a2 49. Ra5 e4 50. Ra3 Kf6 51. h4 e3 0-1

[Event "44th Chess Olympiad Open 2022"]
[Site "Chennai"]
[Date "2022.08.05"]
[Round "7.73"]
[White "Muhammed, Shuaau"]
[Black "Carpenter, Paul A"]
[Result "1/2-1/2"]
[WhiteElo "1987"]
[BlackElo "1938"]
[Annotator "NA"]
[PlyCount "104"]
[EventDate "2022.??.??"]
[TimeControl "60"]

1. e4 d6 2. d4 Nf6 3. Nc3 c6 4. Bg5 Nbd7 5. Qd2 e5 6. f4 h6 7. Bxf6 Qxf6 8. Nge2 Be7 9. g3 Nb6 10. b3 Bg4 11. Bg2 Bxe2 12. Nxe2 exd4 13. Qxd4 Qxd4 14. Nxd4 Bf6 15. O-O-O O-O-O 16. c4 g6 17. h4 h5 18. Rd3 Kc7 19. Kc2 a5 20. Ne2 Nd7 21. Nc3 Nc5 22.
Re3 Rhe8 23. Rhe1 Ne6 24. Ne2 Re7 25. e5 dxe5 26. fxe5 Bg7 27. Bh3 Rde8 28. Rf1 Nd8 29. e6 f5 30. Nf4 Nxe6 31. Rfe1 Nd4+ 32. Kd3 Rxe3+ 33. Rxe3 Rxe3+ 34. Kxe3 Nc2+ 35. Kf3 Nd4+ 36. Kf2 Kd6 37. Nxg6 Bh6 38. Bg2 Ke6 39. Bf3 Nxf3 40. Kxf3 b5 41. Nf4+ Ke5 42. cxb5 cxb5 43. Nxh5 Kd4 44. Nf6 Kc3 45. Ke2 Kb2 46. Kd3 Kxa2 47. Kc2 Be3 48. Nd5 Bf2 49. Nc3+ Ka3 50.
Nxb5+ Kb4 51. Nd6 Bxg3 52. Nxf5 Bxh4 1/2-1/2

[Event "44th Chess Olympiad Open 2022"]
[Site "Chennai"]
[Date "2022.08.05"]
[Round "7.73"]
[White "Wojciechowski, Paul"]
[Black "Ashraf, Ahmed Ramadan"]
[Result "0-1"]
[WhiteElo "1944"]
[BlackElo "1916"]
[Annotator "NA"]
[PlyCount "90"]
[EventDate "2022.??.??"]
[TimeControl "60"]

1. e4 e5 2. Nf3 Nc6 3. Bb5 a6 4. Ba4 Nf6 5. d4 b5 6. Bb3 Be7 7. O-O d6 8. c3 Bg4 9. d5 Na5 10. Bc2 O-O 11. Qd3 c6 12. dxc6 Nxc6 13.
Nbd2 Qc7 14. Re1 Rac8 15. Nf1 b4 16. Ne3 g6 17. Qxa6 bxc3 18.
bxc3 Bxf3 19. gxf3 Nb8 20. Qd3 Nbd7 21. Bd2 Nc5 22. Qe2 Qd7 23. Qf1 Bd8 24. c4 Ne6 25. Rec1 Nf4 26. Bd1 Bb6 27. Ng4 Nxg4 28. fxg4 Ne6 29. Rab1 Bd4 30. Qe2 Qe7 31. Rb3 Ra8 32. a3 Bc5 33. Be3 Rxa3 34. Bxc5 Rxb3 35. Bxd6 Qxd6 36. Bxb3 Qa3 37. Qe3 Rd8 38. Bc2 Qb2 39. Ba4 Nf4 40. Rd1 Ra8 41. Bb5 Ra1 42. Rf1 Rxf1+ 43. Kxf1 Qb1+ 44. Qe1 Qd3+ 45. Kg1 Qf3 0-1

[Event "44th Chess Olympiad Open 2022"]
[Site "Chennai"]
[Date "2022.08.05"]
[Round "7.74"]
[White "Ayyad, Maher"]
[Black "Ebosse Kingue Victor Patrick"]
[Result "1-0"]
[WhiteElo "2101"]
[BlackElo "2054"]
[Annotator "NA RC"]
[PlyCount "71"]
[EventDate "2022.??.??"]
[TimeControl "60"]

1. d4 Nf6 2. Nf3 g6 3. g3 Bg7 4. Bg2 O-O 5. O-O d6 6. b3 c5 7. Bb2 cxd4 8. Nxd4 a6 9. c4 Qc7 10. Nc3 e6 11. Rc1 Nc6 12. Nd5 Nxd5 13.
cxd5 exd5 14. Bxd5 Bd7 15. Nxc6 Bxc6 16. Bxg7 Kxg7 17. Qd4+ f6 18. Rfd1 Rfd8 19. Rd3 Qd7 20. Rf3 Rf8 21. Rfc3 Rfc8 22. Qb6 Qc7 23. Qxc7+ Rxc7 24. b4 Rb8 25. a3 Re7 26. Bxc6 bxc6 27. Rxc6 Rxe2 28. Rxa6 Ra2 29. Rc7+ Kh6 30. Rxd6 Rxa3 31. Rxf6 Rxb4 32. Rff7 Rb2 33. Rxh7+ Kg5 34. Rcf7 Ra4 35. Kg2 Rc4 36. Kh3 1-0

[Event "44th Chess Olympiad Open 2022"]
[Site "Chennai"]
[Date "2022.08.05"]
[Round "7.75"]
[White "Alrehaili, Ahmed Abdullah S"]
[Black "Dabuae, David"]
[Result "1-0"]
[WhiteElo "1986"]
[BlackElo "1707"]
[Annotator "NA RC"]
[PlyCount "97"]
[EventDate "2022.??.??"]
[TimeControl "60"]

1. e4 e5 2. Nf3 Nc6 3. Bc4 Be7 4. d3 Nf6 5. O-O O-O 6. Re1 d6 7. c3 h6 8. Nbd2 Na5 9. Bb5 c6 10. Ba4 b5 11. Bc2 Bg4 12. h3 Bh5 13.
Nf1 Qc7 14. Ng3 Bg6 15. Nh4 Nh7 16. Nhf5 Bf6 17. h4 Rad8 18. Qg4 Qd7 19. a4 b4 20. cxb4 Nb7 21. Be3 c5 22. Bb3 Kh8 23. b5 Rg8 24. h5 Bxf5 25. Qxf5 Qe7 26. a5 Rdf8 27. Bd5 Nd8 28. b6 Ng5 29. bxa7 Qxa7 30. b4 Nde6 31. b5 Nf4 32. b6 Qe7 33. Bxf4 exf4 34. Qxf4 Be5 35. Qd2 Qf6 36. Ra3 Ne6 37. a6 Bd4 38. a7 c4 39. a8=Q Rxa8 40. Rxa8 c3 41. Rxg8+ Kxg8 42. Qa2 Bxb6 43. Bxe6 fxe6 44. e5 dxe5 45. Ne4 Qf5 46. Nxc3 Bd4 47. Qa8+ Kh7 48. Ne4 Qxh5 49. Qf8 1-0

[Event "44th Chess Olympiad Open 2022"]
[Site "Chennai"]
[Date "2022.08.05"]
[Round "7.75"]
[White "Alharthi, Ahmed Mohammed A"]
[Black "Dabuae, Thubalkain"]
[Result "1-0"]
[WhiteElo "1935"]
[BlackElo "1941"]
[Annotator "NA RC"]
[PlyCount "85"]
[EventDate "2022.??.??"]
[TimeControl "60"]

1. d4 Nf6 2. Bf4 e6 3. e3 b6 4. Nd2 Bb7 5. Ngf3 g6 6. Bd3 Bg7 7. h4 h6 8. c3 d5 9. Qc2 Nbd7 10. g4 c5 11. Bd6 Bf8 12. Bxf8 Nxf8 13. Ne5 c4 14. Be2 N8d7 15. O-O-O Nxe5 16. dxe5 Nd7 17. f4 Qc7 18. Nf3 O-O-O 19. Nd4 a6 20. b4 cxb3 21. axb3 Kb8 22. Kb2 Rc8 23. Ra1 b5 24. Rhc1 Qb6 25. b4 g5 26. h5 f6 27. exf6 e5 28.
fxe5 Nxe5 29. Qf5 Qc7 30. Ne6 Qd6 31. Nc5 Rhf8 32. Qxe5 Qxe5 33. Nd7+ Kc7 34. Nxe5 Rxf6 35. Rf1 Rcf8 36. Nd3 Bc8 37. Rxf6 Rxf6 38. Kc2 Kd6 39. Kd2 Re6 40. Rf1 Ke7 41. Rf5 Kd6 42. Rf8 Bd7 43. Nc5 1-0

[Event "44th Chess Olympiad Open 2022"]
[Site "Chennai"]
[Date "2022.08.05"]
[Round "7.75"]
[White "Depaune, Ricko"]
[Black "Al Mutairi, Abdullah F"]
[Result "0-1"]
[WhiteElo "1726"]
[BlackElo "1916"]
[Annotator "NA RC"]
[PlyCount "56"]
[EventDate "2022.??.??"]
[TimeControl "60"]

1. d4 d5 2. c4 c6 3. Bf4 Nf6 4. Nc3 Qb6 5. Qc2 Na6 6. c5 Qa5 7. Bd2 Qc7 8. Nf3 g6 9. a3 b6 10. e3 bxc5 11. Bxa6 Bxa6 12. dxc5 e5 13. b4 Bg7 14. a4 e4 15. Nd4 Bd3 16. Qb2 O-O 17. Nce2 Nd7 18.
Bc3 Rab8 19. Qa3 Ne5 20. O-O Ng4 21. Ng3 h5 22. h3 Nxe3 23.
Rfe1 Nc4 24. Qb3 e3 25. Nh1 Be5 26. fxe3 Bh2+ 27. Kf2 h4 28. Nf3 Qg3+ 0-1

[Event "44th Chess Olympiad Open 2022"]
[Site "Chennai"]
[Date "2022.08.05"]
[Round "7.76"]
[White "Mirzaad, S.wahabuddin"]
[Black "Klaas Tokelo"]
[Result "1-0"]
[WhiteElo "1999"]
[BlackElo "1812"]
[Annotator "NA RC"]
[PlyCount "71"]
[EventDate "2022.??.??"]
[TimeControl "60"]

1. d4 Nf6 2. Bf4 e6 3. e3 Be7 4. Nf3 b6 5. Nbd2 Bb7 6. Bd3 d5 7. O-O O-O 8. Ne5 Nbd7 9. Qf3 c5 10. c3 Rc8 11. Rad1 Re8 12. Qh3 a6 13.
g4 Nf8 14. Ndf3 Ne4 15. Bxe4 dxe4 16. dxc5 exf3 17. Rxd8 Rexd8 18. c6 Bxc6 19. Nxc6 Rxc6 20. Qxf3 Rdc8 21. Rd1 b5 22. h3 b4 23. cxb4 Bxb4 24. Qe4 Be7 25. Be5 Rc2 26. Bc3 R2xc3 27. bxc3 Rxc3 28. Qb7 Bh4 29. Qxa6 Rc2 30. Rf1 h6 31. a4 Ng6 32. a5 Ra2 33.
Qa8+ Kh7 34. a6 Be7 35. Qb7 Bc5 36. Rc1 1-0

[Event "44th Chess Olympiad Open 2022"]
[Site "Chennai"]
[Date "2022.08.05"]
[Round "7.76"]
[White "Khalema, Sechaba"]
[Black "Sulaiman, Ahmad Ashrafi"]
[Result "1-0"]
[WhiteElo "1790"]
[BlackElo "1953"]
[Annotator "NA RC"]
[PlyCount "79"]
[EventDate "2022.??.??"]
[TimeControl "60"]

1. d4 d5 2. c4 c6 3. cxd5 cxd5 4. Bf4 Nc6 5. e3 Nf6 6. Nc3 a6 7. Bd3 b5 8. Rc1 Bd7 9. Nge2 e6 10. O-O Be7 11. h3 O-O 12. Bb1 Rc8 13.
Bh2 g6 14. Nf4 Bd6 15. Nd3 Bxh2+ 16. Kxh2 Rc7 17. Kg1 Bc8 18. f3 Qd6 19. f4 Ne4 20. Nxe4 dxe4 21. Nc5 f5 22. a3 Ne7 23. Qd2 Nd5 24. Rc2 g5 25. Ba2 gxf4 26. Bxd5 fxe3 27. Bxe6+ Bxe6 28. Qxe3 Bc8 29. Rfc1 Qd5 30. Ne6 Bxe6 31. Rxc7 f4 32. Qc3 Qg5 33. Qc6 Bf5 34. Qd5+ Kh8 35. Rc8 Qf6 36. R1c6 Bxc8 37. Rxf6 Rxf6 38. Qd8+ Kg7 39. Qxc8 e3 40. Kf1 1-0

[Event "44th Chess Olympiad Open 2022"]
[Site "Chennai"]
[Date "2022.08.05"]
[Round "7.76"]
[White "Tsephe, Lebajoa"]
[Black "Amini, Habibullah"]
[Result "0-1"]
[WhiteElo "1712"]
[BlackElo "2035"]
[Annotator "NA RC"]
[PlyCount "76"]
[EventDate "2022.??.??"]
[TimeControl "60"]

1. Nf3 Nf6 2. g3 g6 3. Bg2 Bg7 4. O-O O-O 5. d3 c5 6. e4 Nc6 7. c3 d6 8. Nbd2 Nd7 9. h3 Qc7 10. a4 b6 11. Qe2 Ba6 12. Nc4 Nde5 13.
Nfxe5 Nxe5 14. f4 Nxc4 15. dxc4 Rad8 16. Be3 e6 17. Rfd1 Rfe8 18. Qd3 d5 19. exd5 exd5 20. Bxd5 Rxd5 21. Qxd5 Rxe3 22. Kf2 Re8 23. Qd7 Qxd7 24. Rxd7 Bxc4 25. Re1 Ra8 26. Ree7 a6 27. Ra7 Rd8 28. Rad7 Rxd7 29. Rxd7 b5 30. axb5 axb5 31. Rc7 Bf8 32. h4 h5 33. Ke3 Be6 34. Kf2 b4 35. cxb4 cxb4 36. Rc2 b3 37. Rd2 Bg7 38. Kf3 Bf5 0-1

[Event "44th Chess Olympiad Open 2022"]
[Site "Chennai"]
[Date "2022.08.05"]
[Round "7.77"]
[White "Fancy, Stuart"]
[Black "Namale, Ben Nguku"]
[Result "0-1"]
[WhiteElo "1984"]
[BlackElo "1962"]
[Annotator "NA RC"]
[PlyCount "56"]
[EventDate "2022.??.??"]
[TimeControl "60"]

1. e4 c6 2. d4 d5 3. Nc3 e6 4. Nf3 Nf6 5. exd5 exd5 6. Bd3 Bg4 7. O-O Be7 8. h3 Bh5 9. Bf4 O-O 10. Re1 Nbd7 11. g4 Bg6 12. Bxg6 hxg6 13. Ne5 Nxe5 14. dxe5 Nh7 15. Qd3 Ng5 16. Bxg5 Bxg5 17. Rad1 Qe7 18. Re2 Qe6 19. Qg3 Bd8 20. f4 Re8 21. Rf1 Bb6+ 22. Kh1 d4 23. Ne4 Qxa2 24. Nd6 Qd5+ 25. Kh2 Re7 26. c4 dxc3 27. bxc3 Bc7 28. Nxb7 Qb5 0-1

[Event "44th Chess Olympiad Open 2022"]
[Site "Chennai"]
[Date "2022.08.05"]
[Round "7.77"]
[White "Jones, Rupert"]
[Black "Njoroge, Martin"]
[Result "0-1"]
[WhiteElo "1766"]
[BlackElo "1973"]
[Annotator "NA RC"]
[PlyCount "88"]
[EventDate "2022.??.??"]
[TimeControl "60"]

1. e4 c5 2. Nc3 a6 3. g3 b5 4. Bg2 Bb7 5. d3 Nf6 6. Be3 d6 7. Nh3 e5 8. O-O Be7 9. f4 O-O 10. Nf2 Qc7 11. f5 b4 12. Ne2 d5 13. g4 dxe4 14. dxe4 Rd8 15. Qc1 Ne8 16. c3 Nc6 17. Qc2 bxc3 18. bxc3 Na5 19. Rad1 Nc4 20. Bc1 h6 21. Qb3 Ned6 22. Rd3 Rab8 23. Qc2 Bh4 24. Rh3 Qe7 25. Ng3 Bg5 26. Nh5 Ne8 27. Nd3 Nf6 28. Nxf6+ Bxf6 29. Qa4 Nb6 30. Qc2 c4 31. Nf2 Bc6 32. Be3 Na4 33. Bc1 Bg5 34. Nd1 Bxc1 35. Qxc1 Qc5+ 36. Kh1 Rd3 37. Rxd3 cxd3 38. Qd2 Qc4 39. Re1 Rb1 40. Bf3 Nc5 41. Qg2 Bxe4 42. Bxe4 Nxe4 43. Qxe4 Qxe4+ 44. Rxe4 Rxd1+ 0-1

[Event "44th Chess Olympiad Open 2022"]
[Site "Chennai"]
[Date "2022.08.05"]
[Round "7.78"]
[White "De Gondo, Simplice Armel"]
[Black "Shaw, Clifford"]
[Result "1/2-1/2"]
[WhiteElo "2135"]
[BlackElo "1615"]
[Annotator "NA RC"]
[PlyCount "113"]
[EventDate "2022.??.??"]
[TimeControl "60"]

1. e4 e6 2. d4 d5 3. e5 c5 4. Qg4 f5 5. Qg3 Nc6 6. Nf3 cxd4 7. Bd3 Bd7 8.
a3 Qa5+ 9. Nbd2 O-O-O 10. O-O h6 11. b4 Qc7 12. b5 Na5 13.
h4 g5 14. hxg5 hxg5 15. Nxg5 Nh6 16. Ndf3 Be7 17. Qf4 Rdg8 18. Qxd4 Bc5 19. Qf4 Nc4 20. Bxc4 dxc4 21. Be3 Rg6 22. Bxc5 Qxc5 23. Nh4 Rg7 24. a4 Ng4 25. Ngf3 a6 26. c3 axb5 27. axb5 Kc7 28. Nxf5 exf5 29. e6+ Kb6 30. exd7 Rxd7 31. g3 Rd3 32. Rae1 Qd5 33. Re7 Rc8 34. Nd4 Rxc3 35. Re6+ Kc5 36. Qxf5 Qxf5 37. Nxf5 Rf8 38. Nd6 Rcf3 39. Rg6 Nxf2 40. Rxf2 Rxf2 41. Ne4+ Kxb5 42. Nxf2 Rc8 43. Rg7 b6 44. Ne4 Kb4 45. Rg4 b5 46. Kf2 Kb3 47. Nd6 Rc5 48. Ne4 Rc6 49. Rg5 b4 50. Ke2 c3 51. Rc5 Ra6 52. Kd3 Ra1 53.
Nxc3 bxc3 54. Rxc3+ Kb4 55. Rc4+ Kb5 56. Re4 Ra3+ 57. Kd4 1/2-1/2

[Event "44th Chess Olympiad Open 2022"]
[Site "Chennai"]
[Date "2022.08.05"]
[Round "7.78"]
[White "Young, Christopher"]
[Black "Manan, Yoboue Hermann"]
[Result "1-0"]
[WhiteElo "1990"]
[BlackElo "2066"]
[Annotator "NA COMBH RC"]
[PlyCount "91"]
[EventDate "2022.??.??"]
[TimeControl "60"]

1. d4 d5 2. c4 e6 3. Nf3 Nf6 4. Nc3 Be7 5. Bf4 O-O 6. e3 c6 7. Rc1 Nbd7 8. Bd3 Nh5 9. Bg3 g6 10. e4 dxe4 11. Nxe4 f5 12. Nc3 f4 13. Qe2 Nb6 14. Rd1 Bd7 15. Ne5 Qe8 16. Qg4 fxg3 17. hxg3 Rf5 18. Qh3 Rxe5+ 19. dxe5 Qf7 20. a3 c5 21. Ne2 Rf8 22. f4 Qg7 23.
Rf1 Qf7 24. Rh1 Qg7 25. Rf1 Rf7 26. b3 Qf8 27. Rh1 Qb8 28.
Kd2 Na8 29. Qg4 Rg7 30. Qh3 a6 31. g4 Nxf4 32. Nxf4 Qxe5 33. Nxg6 hxg6 34. Qh8+ Kf7 35. Rhf1+ Bf6 36. Rxf6+ Kxf6 37. Qd8+ Re7 38. Rf1+ Kg5 39. Qxe7+ Kxg4 40. Qxd7 Nb6 41.
Be2+ Kg3 42. Qd3+ Kh4 43. Qh3+ Kg5 44. Qg4+ Kh6 45. Qh4+ Kg7 {[%emt 0:00:
00] #5} 46. Qe7+ 1-0

[Event "44th Chess Olympiad Open 2022"]
[Site "Chennai"]
[Date "2022.08.05"]
[Round "7.78"]
[White "Mambe, Lobognon Anderson O"]
[Black "Tracey, Shaun M"]
[Result "1-0"]
[WhiteElo "1921"]
[BlackElo "1650"]
[Annotator "NA RC"]
[PlyCount "43"]
[EventDate "2022.??.??"]
[TimeControl "60"]

1. d4 e6 2. Nf3 f5 3. c4 Nf6 4. Nc3 d5 5. Bg5 Be7 6. e3 c6 7. Qc2 Nbd7 8. h3 b6 9. cxd5 Nxd5 10. Nxd5 cxd5 11. Qc6 Rb8 12. Bf4 Bb4+ 13. Kd1 Ke7 14. Ng5 Qg8 15. Bxb8 Nxb8 16. Qc7+ Nd7 17. Qxa7 Kf6 18. h4 Qf8 19. Bb5 Qd8 20. Rc1 Bd6 21. Rc6 Nb8 22. Qf7# 1-0

[Event "44th Chess Olympiad Open 2022"]
[Site "Chennai"]
[Date "2022.08.05"]
[Round "7.78"]
[White "Powell, Malcolm"]
[Black "Amako Marc Arnold"]
[Result "0-1"]
[WhiteElo "1218"]
[BlackElo "1547"]
[Annotator "NA RC"]
[PlyCount "146"]
[EventDate "2022.??.??"]
[TimeControl "60"]

1. Nf3 d5 2. c4 e6 3. g3 Nf6 4. Bg2 Be7 5. O-O O-O 6. b3 d4 7. d3 c5 8. e3 Nc6 9. Bb2 e5 10. Re1 Bd6 11. a3 a5 12. Nbd2 Be6 13. Ng5 Bg4 14. Bf3 dxe3 15. Rxe3 Bxf3 16. Qxf3 Qd7 17. Nge4 Ng4 18. Re2 f5 19. Nxd6 Qxd6 20. Qd5+ Qxd5 21. cxd5 Ne7 22. h3 Nf6 23. Rxe5 Nfxd5 24. Rae1 Kf7 25. Nc4 Ra6 26. Ne3 Nf6 27. Rxc5 f4 28. gxf4 Ng6 29. Rf5 Nh4 30. Rb5 Nf3+ 31. Kf1 Nxe1 32. Kxe1 b6 33. Nc4 Rd8 34. Ke2 Rd5 35. Rxb6 Rxb6 36. Nxb6 Rb5 37. Nc4 Rxb3 38. Bxf6 Kxf6 39. Nxa5 Rxa3 40. Nc4 Rb3 41. Ke3 Rb1 42. Kf3 Rd1 43. Ne5 Kf5 44. h4 Rh1 45. Kg3 h5 46. Nf3 g6 47. Nd4+ Kf6 48. Nf3 Ke6 49. Ne5 Kd6 50. Nf3 Ra1 51. Ne5 Kd5 52. Kf3 Rg1 53. Ke3 Ke6 54. Nf3 Rg2 55. Ng5+ Kf5 56. Kf3 Rg4 57. Nh3 Rxh4 58. Kg3 Rg4+ 59. Kh2 h4 60. Kh1 Ke6 61. Kh2 Kd5 62. f3 Rg3 63. Ng1 Ke6 64. Kh1 Kf5 65.
Kh2 Ke6 66. Kh1 Kf6 67. Kh2 Kf5 68. Kh1 h3 69. Kh2 Rg2+ 70.
Kh1 Kxf4 71. d4 Kg3 72. Nxh3 Kxh3 73. d5 Kg3 0-1